 Dungeon Crawl Stone Soup version 0.29-a0-495-g17b79114eb (webtiles) character file.

Game seed: 13559987497493566056

57 Hubjo the Firebug (level 3, -1/21 HPs)
             Began as a Deep Elf Fire Elementalist on May 27, 2022.
             Was a Follower of Ashenzari.
             Slain by an orc
             ... wielding a +0 mace
              (6 damage)
             ... on level 2 of the Dungeon.
             The game lasted 00:05:06 (3015 turns).

Hubjo the Firebug (Deep Elf Fire Elementalist)      Turns: 3015, Time: 00:05:06

Health: -1/21      AC:  4    Str:  5    XL:     3   Next: 73%
Magic:  3/10       EV: 17    Int: 27    God:    Ashenzari [*.....]
Gold:   85         SH:  0    Dex: 15    Spells: 9/10 levels left

rFire   . . .      SeeInvis .   (no weapon)
rCold   . . .      Faith    .   (no shield)
rNeg    . . .      Spirit   .   a - +0 robe
rPois   .          Reflect  .   (no helmet)
rElec   .          Harm     .   (no cloak)
rCorr   .          Rampage  .   (no gloves)
Will    .....                   (no boots)
Stlth   +++.......              (no amulet)
HPRegen 0.07/turn               g - ring "Fetters of the Sky" {EV+4, Evo, Cun} (curse)
MPRegen 0.12/turn               j - ring of Ashenzari's Scepticism {Int+6, Cun, Self} (curse)

@: mighty
A: iridescent scales 1, subdued magic 1
a: Renounce Religion, Shatter the Chains


You were on level 2 of the Dungeon.
You worshipped Ashenzari.
Ashenzari was aware of your devotion.
You visited 1 branch of the dungeon, and saw 3 of its levels.

You collected 85 gold pieces.

Inventory:

Armour
 a - a +0 robe (worn)
 e - a +0 helmet
Jewellery
 g - the cursed ring "Fetters of the Sky" (left hand) {EV+4, Evo, Cun}
   (You found it on level 1 of the Dungeon)

   [ring of evasion]

   EV:        It affects your evasion (+4).
   It has a curse which improves the following skills: Evocations: Evocations.
   Cunning:   Dodging and Stealth.
 j - the cursed ring of Ashenzari's Scepticism (right hand) {Int+6, Cun, Self}
   (You found it on level 2 of the Dungeon)

   [ring of intelligence]

   Int:       It affects your intelligence (+6).
   It has a curse which improves the following skills: Cunning: Dodging and
   Stealth.
   Introspection: Fighting and Spellcasting.
Scrolls
 d - 2 scrolls of identify
 h - 2 scrolls of teleportation
 k - 3 scrolls of fog
 l - a scroll of amnesia
Potions
 b - a potion of magic
 f - a potion of curing


   Skills:
 * Level 1.5(2.2) Fighting
 - Level 2.4(3.5) Dodging
 + Level 3.2(4.4) Stealth
 + Level 3.6(4.4) Spellcasting
 - Level 1.1 Conjurations
 + Level 3.7 Fire Magic


You had 9 spell levels left.
You knew the following spells:

 Your Spells              Type           Power      Damage    Failure   Level
a - Foxfire               Conj/Fire      56%        2x1d6     1%          1

Your spell library contained the following spells:

 Spells                   Type           Power      Damage    Failure   Level
 Scorch                   Fire           40%        2d7       1%          2
 Apportation              Tloc           8%         N/A       6%          1
 Necrotize                Necr           16%        1d4       6%          1
 Summon Small Mammal      Summ           16%        N/A       6%          1
 Conjure Flame            Conj/Fire      14%        6-21      7%          3
 Inner Flame              Hex/Fire       12%        N/A       9%          3
 Flame Wave               Conj/Fire      14%        2d6       24%         4


Dungeon Overview and Level Annotations

Branches:
Dungeon (3/15)

Altars:
Ashenzari


Innate Abilities, Weirdness & Mutations

You are partially covered in iridescent scales. (AC +2)
Your spells are a little easier to cast, but a little less powerful.


Message History

You conjure some foxfire!
The foxfire hits the adder but does no damage.
The adder is severely wounded.
The adder completely misses you.
You conjure some foxfire!
The foxfire hits the adder.
You kill the adder!
You conjure some foxfire!
Your foxfire dissipates!
Your foxfire dissipates! x2
Your foxfire dissipates! x2
Your foxfire dissipates!
There is a stone staircase leading down here.
You climb downwards.
The giant cockroach misses you. The giant cockroach bites you.
The orc misses you.
There is a stone staircase leading up here.
The giant cockroach closely misses you. The orc barely misses you.
You climb upwards.
There is a stone staircase leading down here.
You conjure some foxfire!
The giant cockroach completely misses you.
The orc closely misses you. The orc hits you with a +0 mace.
The giant cockroach barely misses you.
You conjure some foxfire!
The foxfire hits the orc but does no damage. x2
The orc hits you with a +0 mace. The orc completely misses you.
The giant cockroach bites you but does no damage.
You are too injured to fight recklessly!
You are too injured to fight recklessly!
You are too injured to fight recklessly!
Unknown command.
You feel very mighty all of a sudden.
The foxfire hits the orc.
The orc is heavily wounded.
The orc hits you with a +0 mace.
* * * LOW HITPOINT WARNING * * *
The orc closely misses you. The giant cockroach misses you.
You hit the giant cockroach.
You kill the giant cockroach!
The orc misses you. The orc hits you with a +0 mace.
You die...

##...####### #.# #.##..#
##........# #.# #.##..#
#.######.# ##.## #......
#.######.###...## ####.##
#........##.....### #.#
#........#........# #.#
#........#.#...##.####.#
#........o.............#
#......o@#.#...##.######
##.......#.##.###.#
#.......#.##.###.#
#########........#
####.##### #...# ###
#########...###
##.###.............########
#..........#...............


You could see 2 orcs.

Vanquished Creatures
  2 adders (D:2)
  A dart slug (D:1)
  3 ball pythons (D:2)
  6 endoplasms
  2 giant cockroaches
  5 goblins (D:1)
  2 hobgoblins (D:1)
  2 jackals (D:1)
  A kobold (D:1)
  A quokka (D:1)
  2 bats
  2 frilled lizards
  4 rats
33 creatures vanquished.

Vanquished Creatures (others)
  193 foxfires
193 creatures vanquished.

Grand Total: 226 creatures vanquished

Notes
Turn   | Place    | Note
-------+----------+-------------------------------------------
     0 | D:1      | Hubjo the Deep Elf Fire Elementalist began the quest for
                  | the Orb.
     0 | D:1      | Reached XP level 1. HP: 10/10 MP: 6/6
   107 | D:1      | Found a faded altar of an unknown god.
   159 | D:1      | Prayed at the altar of an unknown god.
   159 | D:1      | Became a worshipper of Ashenzari the Shackled
   354 | D:1      | Reached XP level 2. HP: 9/16 MP: 2/8
   703 | D:1      | Reached skill level 1 in Fighting
  1810 | D:2      | Reached XP level 3. HP: 20/20 MP: 5/9
  2236 | D:2      | Reached * piety under Ashenzari
  2990 | D:2      | Gained mutation: Your spells are a little easier to cast,
                  | but a little less powerful. [potion of mutation]
  2990 | D:2      | Gained mutation: You are partially covered in iridescent
                  | scales. (AC +2) [potion of mutation]
  3015 | D:2      | Slain by an orc

Illustrated notes

Levels and vault maps discovered:
D:1:      lemuel_arrival_funnel, layout_loops_ring,
          ebering_ecumenical_altar_rust, kennysheep_decorative_pillar,
          patterned_corridor
D:2:      layout_loops_corners
D:3:      layout_loops_ring

Skill      XL: |  1  2  3 |
---------------+----------+-----
Fighting       | 1 |  1.5
Stealth        | 3 |  3.2
Dodging        | |  2.4
Spellcasting   | |  3.6
Conjurations   | |  1.1
Fire Magic     | |  3.7

Action                   || total
-------------------------++-------
Melee: Unarmed           ||     1
 Cast: Foxfire           ||   121
Invok: Curse Item        ||     2
  Use: Potion            ||     2
Armor: Robe              ||     5
Dodge: Dodged            ||    26

Table legend: (Time is in decaauts)
 A = Elapsed time spent in this place.
 B = Non-inter-level travel time spent in this place.
 C = Inter-level travel time spent in this place.
 D = Time resting spent in this place.
 E = Time spent auto-exploring this place.
 F = Levels seen in this place.
 G = Mean time per level.
                   A        B        C        D        E       F      G
               +--------+--------+--------+--------+--------+-----+--------+
         Total |   3015 |   2900 |    115 |      0 |   2626 |   3 | 1005.0 |
       Dungeon |   3015 |   2900 |    115 |      0 |   2626 |   3 | 1005.0 |
               +--------+--------+--------+--------+--------+-----+--------+

Top non-repeatable levels by time:
     D:1: 1651 daAuts
     D:2: 1357 daAuts
     D:3: 7 daAuts
